 Dungeon Crawl Stone Soup version 0.28-a0-87-g9a7839dea9 (webtiles) character file.

Game seed: 12398198079863091783

3035 dracfodder the Twirler (level 9, -8/55 HPs)
             Began as a Gargoyle Berserker on Aug 5, 2021.
             Was an Elder of Trog.
             Killed by divine providence
             ... invoked by an orc priest
              (13 damage)
             ... on level 6 of the Dungeon on Aug 6, 2021.
             The game lasted 00:23:25 (6391 turns).

dracfodder the Twirler (Gargoyle Berserker)         Turns: 6391, Time: 00:23:26

Health: -8/55      AC: 16    Str: 25    XL:     9   Next: 86%
Magic:  9/9        EV: 12    Int:  7    God:    Trog [****..]
Gold:   356        SH:  0    Dex:  9    Spells: 8/8 levels left

rFire   . . .      SeeInvis .   k - +2 quarterstaff (chaos)
rCold   . . .      Faith    .   (shield currently unavailable)
rNeg    + . .      Spirit   .   A - +0 steam dragon scales
rPois   ∞          Reflect  .   (no helmet)
rElec   +          Harm     .   l - +2 cloak {Stlth+}
rCorr   .          Rampage  .   r - +0 pair of gloves
Will    .....                   (no boots)
Stlth   +++.......              (no amulet)
HPRegen 0.18/turn               (no ring)
MPRegen 0.11/turn               (no ring)

@: no status effects
A: sickness immunity, AC +6, negative energy resistance 1, electricity
resistance, torment resistance 1, petrification resistance
a: Renounce Religion, Berserk, Trog's Hand, Brothers in Arms


You were on level 6 of the Dungeon.
You worshipped Trog.
Trog was greatly pleased with you.
You visited 1 branch of the dungeon, and saw 6 of its levels.
You also visited: Ossuary.

You collected 356 gold pieces.

Inventory:

Hand Weapons
 a - a +0 war axe
 e - a +0 hunting sling
 k - a +2 quarterstaff of chaos (weapon)
 y - a +0 halberd of flaming
Missiles
 c - 50 sling bullets
 d - 193 stones
 i - 6 javelins
 o - 25 bolts
 p - 37 arrows
 q - 38 poisoned darts (quivered)
Armour
 l - a +2 cloak of stealth (worn)
 r - a +0 pair of gloves (worn)
 A - +0 steam dragon scales (worn)
Jewellery
 g - a ring of fire
 n - a +4 ring of evasion
 s - a ring of protection from fire
 v - an amulet of the acrobat
Wands
 h - a wand of iceblast (6)
 x - a wand of acid (4)
Scrolls
 w - 3 scrolls of teleportation
Potions
 b - 2 potions of curing
 f - a potion of berserk rage {unknown}
 j - a potion of magic
 m - 2 potions of invisibility
 t - 2 potions of ambrosia
 u - 2 potions of flight {unknown}
 z - 2 potions of heal wounds {unknown}
 D - 2 potions of attraction {unknown}


   Skills:
 + Level 5.7 Fighting
 * Level 7.1 Axes
 + Level 7.7 Staves
 + Level 1.0 Throwing
 + Level 3.8 Armour
 + Level 4.1 Dodging
 + Level 4.4 Stealth


You had 8 spell levels left.
You didn't know any spells.
Your spell library was empty.

Dungeon Overview and Level Annotations

Branches:
Dungeon (6/15)             Temple (0/1) D:5         Ossuary (visited)

Altars:
Cheibriados
Dithmenos
Elyvilon
Ru
Vehumet
Wu Jian
The Shining One

Shops:
D:2 (


Innate Abilities, Weirdness & Mutations

You are immune to sickness and miasma.
Your stone body is resilient. (AC +6)
You are immune to poison.
You resist negative energy. (rN+)
You are resistant to electric shocks. (rElec)
You are resistant to unholy torment.
You are immune to petrification.


Message History

No target in view!
There is a stone staircase leading up here.
There is a stone staircase leading up here.
An orc priest comes into view. It is wielding a +0 trident.
The orc priest shouts!
You hear a shout!
No target in view!
No target in view!
No target in view!
No target in view!
No target in view!
No target in view!
No target in view!
No target in view!
No target in view!
No target in view!
An orc warrior comes into view. It is wielding a +0 glaive.
An orc wizard comes into view. It is wielding a +0 dagger.
The orc priest mumbles some strange prayers to Beogh against you.
Beogh smites you!
The orc warrior shouts!
An orc priest comes into view. It is wielding a +0 dagger.
The orc priest mumbles some strange prayers to Beogh against you.
Beogh smites you!
You hit the orc priest.
The orc priest is heavily wounded.
An orc comes into view. It is wielding a +0 flail.
The orc priest invokes the aid of Beogh against you.
Beogh smites you!
You are too injured to fight recklessly!
You are too injured to fight recklessly!
You are too injured to fight recklessly!
You are too injured to fight recklessly!
You are too injured to fight recklessly!
You are too injured to fight recklessly!
The orc priest invokes the aid of Beogh against you.
Beogh smites you!
* * * LOW HITPOINT WARNING * * *
The orc priest mumbles some strange prayers to Beogh against you.
Beogh smites you!
You die...

.# ##o# ### ### #..# ...
.. ##### #..# . #.# #
###...#### ####o.#####..
#.## ..#§#....#
#....o....... ####.#
.#.§§###.# #.##o.........
...#. #.#§#§#..#
#.##.###.#.....###.##
.§.§§§...#
#.##@................
#§#§#§##<#
#.##..####...........
.#§§§###.# #.##..#
.#####.## .##§## #.#
#.##..####.#. #.# .#§§#
#.# #.##......... #.#
.#.#####.####.##..##...##
#.#
......##.............###
#.#
#####.#####[#####.##.#
##.# #.# #)# ##.##.# #..#


You could see an orc warrior, 2 orc priests and an orc wizard.

Vanquished Creatures
  Pikel (D:5)
  Maggie (D:6)
  Grinder (D:5)
  A steam dragon (D:6)
  Menkaure (D:6)
  2 ogres (D:4)
  A necrophage (D:3)
  A bullfrog (D:4)
  Blork the orc (D:6)
  4 scorpions (D:4)
  8 water moccasin zombies
  4 wights (D:6)
  A howler monkey (D:5)
  2 bullfrog zombies (D:5)
  2 hounds
  2 jellies (D:5)
  Crazy Yiuf (D:2)
  A centaur skeleton (D:6)
  Jessica (D:2)
  3 iguanas
  2 mummies (Ossuary)
  3 gnolls (D:3)
  5 adders
  A white imp (D:6)
  2 ufetubi
  4 adder zombies (Ossuary)
  7 orcs
  5 endoplasms
  A giant cockroach (D:1)
  4 goblins
  7 hobgoblins
  13 jackals
  3 kobolds
  4 quokkas
  4 ball pythons
  14 bats
  4 frilled lizards
  3 gnoll zombies (Ossuary)
  6 hobgoblin zombies (Ossuary)
  2 kobold zombies (Ossuary)
  4 orc zombies (Ossuary)
  2 rats (D:1)
139 creatures vanquished.

Vanquished Creatures (others)
  4 fungi (D:4)
  2 plants (D:6)
6 creatures vanquished.

Grand Total: 145 creatures vanquished

Notes
Turn   | Place    | Note
-------+----------+-------------------------------------------
     0 | D:1      | dracfodder the Gargoyle Berserker began the quest for the
                  | Orb.
     0 | D:1      | Reached XP level 1. HP: 14/14 MP: 1/1
     0 | D:1      | Upgraded the game from 0.28-a0-80-g9707f7362f to
                  | 0.28-a0-87-g9a7839dea9
   339 | D:2      | Reached XP level 2. HP: 14/19 MP: 2/2
   914 | D:1      | Reached XP level 3. HP: 21/23 MP: 3/3
  1843 | D:2      | Reached ** piety under Trog
  1868 | D:2      | Noticed Jessica
  1872 | D:2      | Killed Jessica
  1873 | D:2      | Reached XP level 4. HP: 29/29 MP: 4/4
  1952 | D:2      | Found a faded altar of an unknown god.
  1991 | D:2      | Found Cuhongex's Weapon Shop.
  2193 | D:2      | Found a runed translucent door.
  2194 | D:2      | Noticed Crazy Yiuf
  2202 | D:2      | Killed Crazy Yiuf
  2510 | D:3      | Reached XP level 5. HP: 27/33 MP: 5/5
  2516 | D:3      | Reached skill level 1 in Stealth
  2885 | D:3      | Noticed a necrophage
  2895 | D:3      | Killed a necrophage
  2896 | D:3      | Reached skill level 1 in Staves
  2896 | D:3      | Reached XP level 6. HP: 35/38 MP: 6/6
  2916 | D:3      | Found a glowing golden altar of the Shining One.
  3055 | D:4      | Found a radiant altar of Vehumet.
  3171 | D:4      | Reached skill level 5 in Axes
  3171 | D:4      | Reached XP level 7. HP: 29/44 MP: 7/7
  3178 | D:5      | Entered Level 5 of the Dungeon
  3846 | D:4      | Reached XP level 8. HP: 42/48 MP: 8/8
  4033 | D:4      | Found a snail-covered altar of Cheibriados.
  4287 | D:5      | Reached *** piety under Trog
  4406 | D:5      | Found a staircase to the Ecumenical Temple.
  4627 | D:5      | Reached skill level 5 in Staves
  4732 | D:5      | Noticed Grinder
  4739 | D:5      | Killed Grinder
  4850 | D:5      | Noticed Pikel
  4855 | D:5      | Killed Pikel
  4856 | D:5      | Reached skill level 5 in Fighting
  4856 | D:5      | Reached skill level 1 in Throwing
  4856 | D:5      | Reached XP level 9. HP: 48/54 MP: 9/9
  5168 | D:6      | Found a shadowy altar of Dithmenos.
  5313 | D:6      | Noticed Maggie
  5331 | D:6      | Killed Maggie
  5616 | D:6      | Found an ornate altar of the Wu Jian Council.
  5616 | D:6      | Found a sacrificial altar of Ru.
  5617 | D:6      | Found a white marble altar of Elyvilon.
  5695 | D:6      | Noticed Blork the orc
  5705 | D:6      | Killed Blork the orc
  5717 | D:6      | Found a sand-covered staircase.
  5729 | Ossuary  | Entered an ossuary
  5836 | Ossuary  | Reached **** piety under Trog
  6211 | D:6      | Noticed Menkaure
  6221 | D:6      | Killed Menkaure
  6391 | D:6      | Killed from afar by an orc priest

Illustrated notes

Levels and vault maps discovered:
D:1:      saegor_arrival_miasma, layout_basic, minmay_hedge_maze
D:2:      layout_loops_corners, serial_shops, nicolae_shop_behind_doors,
          ebering_ecumenical_altar_hall, kennysheep_jessica_study, uniq_jessica,
          uniq_crazy_yiuf_cottage
D:3:      layout_rooms, marbit_many_paths
D:4:      old_forge, layout_basic, mainiacjoe_overflow_catwalk,
          amcnicky_altar_gilded
D:5:      layout_cave_pods, minmay_temple_entry_enclosed_plants,
          minmay_misc_feat_nine_boxes, uniq_pikel, uniq_grinder
D:6:      layout_loops_ring, grunt_dithmenos_smoke_and_mirrors,
          gammafunk_temple_overflow_forgotten, nicolae_ossuary_entry_monument,
          uniq_maggie, uniq_blork_the_orc, uniq_menkaure

Skill      XL: |  1  2  3  4  5  6  7  8  9 |
---------------+----------------------------+-----
Axes           | 3 4 5 6 7 |  7.1
Fighting       | 4 5 |  5.7
Stealth        | 1 2 3 4 |  4.4
Staves         | 1 2 4 6 7 |  7.7
Dodging        | 2 3 4 |  4.1
Armour         | 3 |  3.8
Throwing       | 1 |  1.0

Action                   |  1- 3 |  4- 6 |  7- 9 || total
-------------------------+-------+-------+-------++-------
Melee: Hand axe          |   110 |     5 |       ||   115
       Quarterstaff      |       |    56 |   227 ||   283
       War axe           |       |       |    87 ||    87
Throw: Dart              |       |       |     2 ||     2
Invok: Berserk           |     2 |     1 |       ||     3
  Use: Scroll            |     2 |     3 |     8 ||    13
       Potion            |       |       |     1 ||     1
 Stab: Sleeping          |     2 |     4 |     6 ||    12
       Paralysed         |       |     2 |       ||     2
       Held in net/web   |       |       |     1 ||     1
Armor: Animal skin       |    32 |       |       ||    32
       Leather armour    |    11 |    17 |    78 ||   106
       Steam dragon scal |       |       |    68 ||    68
Dodge: Dodged            |    64 |    39 |   156 ||   259

Table legend: (Time is in decaauts)
 A = Elapsed time spent in this place.
 B = Non-inter-level travel time spent in this place.
 C = Inter-level travel time spent in this place.
 D = Time resting spent in this place.
 E = Time spent auto-exploring this place.
 F = Levels seen in this place.
 G = Mean time per level.
                   A        B        C        D        E       F      G
               +--------+--------+--------+--------+--------+-----+--------+
         Total |   6460 |   6281 |    179 |    571 |   4419 |   7 |  922.9 |
       Dungeon |   6137 |   5958 |    179 |    495 |   4410 |   6 | 1022.8 |
       Ossuary |    323 |    323 |      0 |     76 |      9 |   1 |  323.0 |
               +--------+--------+--------+--------+--------+-----+--------+

Top non-repeatable levels by time:
     D:1: 1250 daAuts
     D:2: 1170 daAuts
     D:4: 1168 daAuts
     D:5: 940 daAuts
     D:6: 905 daAuts
     D:3: 702 daAuts
 Ossuary: 323 daAuts
